 Dungeon Crawl Stone Soup version 0.25-a0-697-g890751e744 (webtiles) character file.

Game seed: 17056534755679997975, levelgen mode: deterministic

5 Esekla the Skirmisher (level 1, -6/18 HPs)
             Began as a Formicid Abyssal Knight on Mar 31, 2020.
             Was a Follower of Lugonu.
             Mangled by a small abomination (21 damage)
             ... on level 1 of the Abyss.
             The game lasted 00:02:58 (273 turns).

Esekla the Skirmisher (Formicid Abyssal Knight)      Turns: 273, Time: 00:02:59

Health: -6/18      AC:  3    Str: 16    XL:     1   Next: 88%
Magic:  2/2        EV: 11    Int: 11    God:    Lugonu [*.....]
Gold:   0          SH:  0    Dex: 10    Spells: 0/0 levels left

rFire    . . .     SeeInvis +   a - +1 falchion
rCold    . . .     Gourm    .   (no shield)
rNeg     . . .     Faith    .   b - +0 leather armour
rPois    .         Spirit   .   (helmet unavailable)
rElec    .         Reflect  .   (no cloak)
rCorr    .         Harm     .   (no gloves)
MR       .....                  (no boots)
Stlth    +.........             (no amulet)
HPRegen  0.06/turn              (no ring)
MPRegen  0.08/turn              (no ring)

@: no status effects
A: permanent stasis, dig shafts and tunnels, four strong arms, antennae 3
a: Dig, Shaft Self, Depart the Abyss, Renounce Religion


You were on level 1 of the Abyss.
You worshipped Lugonu.
Lugonu was aware of your devotion.
You were not hungry.

You visited 0 branches of the dungeon, and saw 0 of its levels.
You visited the Abyss 1 time.

Inventory:

Hand Weapons
 a - a +1 falchion (weapon)
Armour
 b - a +0 leather armour (worn)
Scrolls
 d - a scroll of blinking {unknown}
 e - 2 scrolls of amnesia
Potions
 f - a potion of brilliance {unknown}
Comestibles
 c - a ration


   Skills:
 * Level 3.6 Fighting
 + Level 2.0 Long Blades
 + Level 2.2 Armour
 + Level 0.8 Dodging
 + Level 2.2 Invocations


You couldn't memorise any spells.
You didn't know any spells.
Your spell library was empty.

Dungeon Overview and Level Annotations

Branches:
Dungeon (0/15)

Altars:


Innate Abilities, Weirdness & Mutations

You cannot be hasted, slowed, berserked, paralysed or teleported.
You can dig through walls and to a lower floor.
Your four strong arms can wield two-handed weapons with a shield.
You have a pair of large antennae on your head. (SInv)


Message History

An orc sorcerer comes into view. It is wielding a +0 dagger of venom.
The orc sorcerer shouts!
The orc sorcerer casts a spell at you.
You barely resist.
You are suddenly pulled into a different region of the Abyss!
Found a scale mail.
Found 3 scrolls labeled YWE DALESMINA.
e - 3 scrolls labeled YWE DALESMINA
Found a viscous yellow potion.
f - a viscous yellow potion
Found 29 bolts.
Okay, then.
A small abomination comes into view.
You closely miss the small abomination. The small abomination misses you.
As you read the scroll labeled YWE DALESMINA, it crumbles to dust.
It is a scroll of amnesia.
You feel forgetful for a moment. The small abomination hits you.
The small abomination hits you!!
Ouch! That really hurt!
You die...

#.# # .. ### # # .##
# .# #..### #.
##.#.##.# .... ##.#
#.## .#. ...##...#
##..#. . # #..
#.#.##...#.#. .#
#.##..... . ..# #
#.@### .#..#.# #
......##x##....x.#.##
####.
##.##x###...#### #
##.# # #..#...# #...#
# #. #### ######..#
#.#(# #..#. ## #
#.##..... #.. .#..ยง


You could see a small abomination.

Vanquished Creatures
  An ufetubus (Abyss:1)
1 creature vanquished.

Notes
Turn   | Place    | Note
-------+----------+-------------------------------------------
     0 | Abyss:1  | Esekla the Formicid Abyssal Knight began the quest for the
                  | Orb.
     0 | Abyss:1  | Reached XP level 1. HP: 18/18 MP: 2/2
   119 | Abyss:1  | Noticed an orc sorcerer
   251 | Abyss:1  | Noticed a small abomination
   273 | Abyss:1  | Mangled by a small abomination

Levels and vault maps discovered:
Abyss:1:  due_exit_kobolds

Action                   || total
-------------------------++-------
Melee: Falchion          ||     2
  Use: Scroll            ||     1
Dodge: Dodged            ||     1

Table legend:
 A = Non-vault XP
 B = Vault XP
 C = Vault XP percentage of total XP
 D = Non-vault monster count
 E = Vault monster count
 F = Vault count percentage of total count
                 A         B        C        D         E       F
            +---------+---------+-------+---------+---------+-------
      Total |       8 |       0 |   0.0 |       1 |       0 |   0.0
            +---------+---------+-------+---------+---------+-------
    Abyss:1 |       8 |       0 |   0.0 |       1 |       0 |   0.0
            +---------+---------+-------+---------+---------+-------
